 Dungeon Crawl Stone Soup version 0.28.0-47-ge53b351184 (webtiles) character file.

Game seed: 9797326093890311622

123 issech the Shield-Bearer (level 4, -1/44 HPs)
             Began as a Troll Fighter on Apr 28, 2022.
             Slain by a goblin
             ... wielding a +0 dagger
             ... led by Robin
              (5 damage)
             ... on level 3 of the Dungeon.
             The game lasted 00:07:12 (2148 turns).

issech the Shield-Bearer (Troll Fighter)            Turns: 2148, Time: 00:07:12

Health: -1/44      AC:  4    Str: 24    XL:     4   Next: 80%
Magic:  3/3        EV:  9    Int:  4    God:
Gold:   65         SH:  7    Dex: 11    Spells: 3/3 levels left

rFire   . . .      SeeInvis .   p - +0 long sword
rCold   . . .      Faith    .   c - +0 kite shield
rNeg    . . .      Spirit   .   b - +0 robe
rPois   .          Reflect  .   (helmet restricted)
rElec   .          Harm     .   (no cloak)
rCorr   .          Rampage  .   (gloves unavailable)
Will    .....                   (boots unavailable)
Stlth   +.........              (no amulet)
HPRegen 0.94/turn               (no ring)
MPRegen 0.08/turn               (no ring)

@: lethally poisoned (-1 -> -15)
A: large, unfitting armour, claws 3, regeneration 1, shaggy fur 1, tough skin 1
a: no special abilities


You were on level 3 of the Dungeon.
You visited 1 branch of the dungeon, and saw 3 of its levels.

You collected 65 gold pieces.

Inventory:

Hand Weapons
 a - a +0 flail
 p - a +0 long sword (weapon)
Missiles
 e - 156 stones
 g - 15 arrows
 q - 6 javelins (quivered)
 r - 2 boomerangs of dispersal
 t - 19 bolts
Armour
 b - a +0 robe (worn)
 c - a +0 kite shield (worn)
Scrolls
 h - a scroll of amnesia {unknown}
 i - a scroll of holy word {unknown}
 j - 2 scrolls of magic mapping {unknown}
 k - a scroll of enchant armour {unknown}
 m - 2 scrolls of teleportation {unknown}
 n - a scroll of immolation {unknown}
 o - a scroll of silence {unknown}
 s - 2 scrolls of identify {unknown}
Potions
 d - a potion of might
 f - 2 potions of attraction {unknown}
 l - a potion of lignification {unknown}
 u - a potion of brilliance {unknown}


   Skills:
 + Level 2.8 Fighting
 + Level 0.8 Long Blades
 + Level 2.6 Maces & Flails
 + Level 0.2 Throwing
 + Level 3.0 Dodging
 + Level 0.1 Stealth
 + Level 3.1 Shields


You had 3 spell levels left.
You didn't know any spells.
Your spell library contained the following spells:

 Spells                   Type           Power      Damage    Failure   Level
 Blink                    Tloc           0%         N/A       90%         2
 Manifold Assault         Tloc           0%         N/A       100%        5
 Storm Form               Tmut/Air       0%         N/A       100%        7


Dungeon Overview and Level Annotations

Branches:
Dungeon (3/15)

Altars:

Annotations:
D:3 Robin


Innate Abilities, Weirdness & Mutations

You are too large for most types of armour.
You have claws for hands.
Your natural rate of healing is unusually fast.
You are covered in fur. (AC +1)
You have tough skin. (AC +1)


Message History

2 goblins come into view.
The goblin shouts! x2
Robin barely misses you.
You closely miss Robin.
Robin says, "My goblins will feast on your bones."
Robin roars a battlecry!
The goblins go into a battle-frenzy!
Robin hits you with a +2 dagger of venom.
You are poisoned.
You closely miss Robin.
You feel sick.
You feel sick. You block the goblin's attack.
The goblin hits you but does no damage.
Robin hits you with a +2 dagger of venom.
You are more poisoned.
You closely miss the goblin.
You feel very sick. The goblin hits you with a +0 dagger.
You block the goblin's attack.
Robin hits you with a +2 dagger of venom.
You are more poisoned.
The goblin completely misses you. The goblin barely misses you.
Robin hits you but does no damage.
You are more poisoned.
You barely miss Robin.
You feel extremely sick. The goblin hits you with a +0 dagger.
The goblin completely misses you. Robin hits you but does no damage.
You are lethally poisoned!
You closely miss Robin.
* * * LOW HITPOINT WARNING * * *
You feel extremely sick. The goblin hits you but does no damage.
The goblin hits you with a +0 dagger.
* * * LOW HITPOINT WARNING * * *
Robin hits you with a +2 dagger of venom.
* * * LOW HITPOINT WARNING * * *
You are more poisoned.
The goblin hits you but does no damage. The goblin barely misses you.
* * * LOW HITPOINT WARNING * * *
You feel very sick. The goblin hits you with a +0 dagger.
You die...

#..# #)# #..#
#)# ##..###)#
#..>.##.#
####$...##.#
.^≈.....##.#
..#^...[..#.#
.§^^...ggg.#
.^#.#≈...@###
...≈...####
...... .≈≈...
gg##^. ≈. #.


You could see Robin and 2 goblins.

Vanquished Creatures
  A hound (D:3)
  2 adders (D:2)
  A worm (D:2)
  7 orcs
  4 ball pythons
  4 endoplasms
  A giant cockroach (D:3)
  11 goblins
  8 hobgoblins
  4 quokkas
  6 bats
  2 frilled lizards (D:2)
  4 kobolds
  5 rats
60 creatures vanquished.

Notes
Turn   | Place    | Note
-------+----------+-------------------------------------------
     0 | D:1      | issech the Troll Fighter began the quest for the Orb.
     0 | D:1      | Reached XP level 1. HP: 22/22 MP: 0/0
   217 | D:1      | Reached XP level 2. HP: 29/29 MP: 1/1
   311 | D:1      | Found a faded altar of an unknown god.
  1288 | D:2      | Reached XP level 3. HP: 36/36 MP: 2/2
  1797 | D:3      | Reached XP level 4. HP: 34/44 MP: 3/3
  2092 | D:3      | Noticed Robin
  2148 | D:3      | Slain by a goblin

Illustrated notes

Levels and vault maps discovered:
D:1:      dpeg_arrival_houses_and_road, layout_basic,
          shapermc_ecumenical_altar_venn
D:2:      layout_loops_ring
D:3:      layout_basic, grunt_qazlal_sundering, chequers_serial_rivers_marsh,
          uniq_grinder, uniq_robin

Skill      XL: |  1  2  3  4 |
---------------+-------------+-----
Maces & Flails | 2 |  2.6
Shields        | 3 |  3.1
Dodging        | 3 |  3.0
Fighting       | |  2.8
Long Blades    | |  0.8
Throwing       | |  0.2
Stealth        | |  0.1

Action                   |  1- 3 |  4- 6 || total
-------------------------+-------+-------++-------
Melee: Flail             |   130 |       ||   130
       Long sword        |    24 |    63 ||    87
Throw: Stone             |     8 |       ||     8
Armor: Robe              |    74 |    33 ||   107
Dodge: Dodged            |    69 |    27 ||    96
Block: Kite shield       |    82 |    34 ||   116
